[Event "Live Chess"]
[Site "Chess.com"]
[Date "2023.05.20"]
[Round "-"]
[White "MartaMost"]
[Black "OceanFloater"]
[Result "1-0"]
[WhiteElo "1223"]
[BlackElo "1018"]
[TimeControl "300"]
[EndTime "13:58:45 PDT"]
[Termination "MartaMost won on time"]

1. e4 c6 2. Nf3 d5 3. exd5 cxd5 4.
h3 Nf6 5. Bb5+ Bd7 6. Bxd7+ Qxd7 7. O-O e6 8. d3 Bd6 9. Bg5 Qe7 10. Nbd2 Nc6 11.
Re1 Bc7 12. c3 O-O 13. d4 h6 14.
Bh4 g5 15. Nxg5 hxg5 16. Bxg5 Qd6 17. g3 Nh7 18. Bf4 Qe7 19. Qg4+ Kh8 20. Bxc7 Qxc7 21.
Nf3 Rg8 22. Qh5 Qd8 23. h4 Ne7 24. Ng5 Rg7 25. Nxf7+ Rxf7 26. Qxf7 Qf8 27. Qh5 Qf6 28. Re5 Rg8 29. Rae1 Rf8 30. f4 Qg7 31. Kh2 Nf5 32. Qf3 Nf6 33. Rxe6 Ng4+ 34. Kh3 Nf6 35. R6e5 Ne4 36.
g4 Nh6 37. Rxd5 Nf2+ 38. Qxf2 Qxg4+ 39. Kh2 Rxf4 40. Re8+ Ng8 41. Qg3 Qxg3+ 42. Kxg3 Rf7 43. Rg5 Kh7 44. Rexg8 Rf6 45. R5g7+ Kh6 46. Rg4 Kh7 47. R8g7+ 1-0

[Event "Live Chess"]
[Site "Chess.com"]
[Date "2023.05.20"]
[Round "-"]
[White "grillage"]
[Black "stevochess11"]
[Result "1-0"]
[WhiteElo "1852"]
[BlackElo "1787"]
[TimeControl "300"]
[EndTime "13:58:51 PDT"]
[Termination "grillage won by resignation"]

1. d4 c6 2. Nf3 d5 3. c4 Nf6 4. Qc2 g6 5. Bf4 Bg7 6. e3 O-O 7. Nc3 a5 8. Bd3 Na6 9. a3 Bg4 10. Ne5 Nc7 11. O-O Ne6 12. Bg3 Bh5 13. b4 axb4 14. axb4 Rxa1 15. Rxa1 Ng5 16. Ra7 Qb6 17. Ra4 Ng4 18. Nxg4 Bxg4 19. h3 Bd7 20. c5 Qd8 21. Qa2 Re8 22. Ra7 e5 23. Bxe5 Rxe5 24. dxe5 Bxh3 25. Ra8 Qxa8 26. Qxa8+ 1-0

[Event "Live Chess"]
[Site "Chess.com"]
[Date "2023.05.20"]
[Round "-"]
[White "Reggie016"]
[Black "LL220284LL"]
[Result "0-1"]
[WhiteElo "1070"]
[BlackElo "2391"]
[TimeControl "300"]
[EndTime "13:58:52 PDT"]
[Termination "LL220284LL won by resignation"]

1. e4 d5 2. exd5 Qxd5 3. Nc3 Qa5 4. d4 c6 5. Nf3 Nf6 6. Bd3 Bg4 7. h3 Bh5 8. g4 Bg6 9. Bxg6 hxg6 10. Bd2 Qc7 11. Qe2 Nxg4 12. O-O-O Nf6 13. Qc4 e6 14. Rde1 Nbd7 15. Ng5 Nb6 16. Qb3 O-O-O 17. Rxe6 fxe6 18. Nxe6 Qf7 19. Nxd8 Qxb3 20. axb3 Kxd8 21. Bg5 Be7 22. Re1 Nfd5 23. Nxd5 Nxd5 24. Bxe7+ Nxe7 25. Re3 Nf5 26. Re6 Rxh3 27. Rxg6 Rh1+ 28. Kd2 Ke7 29. c4 Kf7 30. Rg4 Rh4 31. Rxh4 Nxh4 32. Ke3 Kf6 33. d5 cxd5 34. cxd5 Ke5 35. f4+ Kxd5 0-1

[Event "Live Chess"]
[Site "Chess.com"]
[Date "2023.05.20"]
[Round "-"]
[White "VovaOvchar1990"]
[Black "WelshTiger"]
[Result "0-1"]
[WhiteElo "1229"]
[BlackElo "2396"]
[TimeControl "300"]
[EndTime "13:59:03 PDT"]
[Termination "WelshTiger won by resignation"]

1. e4 c5 2. d4 cxd4 3. Qxd4 d6 4. Nf3 Nf6 5. Bb5+ Nc6 6. O-O Bd7 7. h3 Nxd4 8. Nxd4 Bxb5 9. Nxb5 a6 10. Nd4 e6 11. c3 Nxe4 12. Bf4 Be7 13. Bg3 O-O 14. Na3 Nxg3 15. fxg3 d5 16. Nac2 Bc5 17. Ne3 Bxd4 18. cxd4 Qb6 0-1

[Event "Live Chess"]
[Site "Chess.com"]
[Date "2023.05.20"]
[Round "-"]
[White "gmnorfolk"]
[Black "lucaskk818"]
[Result "0-1"]
[WhiteElo "2097"]
[BlackElo "1896"]
[TimeControl "300"]
[EndTime "13:59:14 PDT"]
[Termination "lucaskk818 won by resignation"]

1. d4 Nf6 2. c4 e6 3. Nc3 Bb4 4. e3 O-O 5. Bd3 d5 6. Nf3 b6 7. cxd5 exd5 8. Bd2 Bb7 9. O-O Re8 10.
Ne5 Nbd7 11. f4 Bxc3 12. Bxc3 Ne4 13. Be1 Ndf6 14. g4 c5 15. Rc1 c4 16. Bb1 Nd6 17. Kh1 Nfe4 18. f5 f6 19. Nf3 Rc8 20. Rg1 Ng5 21. Nxg5 fxg5 22. Bg3 Rxe3 23. Be5 c3 24.
bxc3 Rexc3 25. Rxc3 Rxc3 26. Qd2 Rc8 27. Rf1 Ne4 28.
Qe3 Rc3 29. Qe1 Qc8 30. f6 gxf6 31. Bxf6 Nxf6 32. Qe7 Rc1 33. Qxf6 Rxf1+ 34. Qxf1 Qxg4 35. Bf5 Qf4 36. Be6+ Kg7 37. Qb5 Qe4+ 38. Kg1 Qxe6 0-1

[Event "Live Chess"]
[Site "Chess.com"]
[Date "2023.05.20"]
[Round "-"]
[White "Missedidea"]
[Black "AttackingSnowLeopard"]
[Result "0-1"]
[WhiteElo "1748"]
[BlackElo "2069"]
[TimeControl "300"]
[EndTime "13:59:19 PDT"]
[Termination "AttackingSnowLeopard won by resignation"]

1. d4 d5 2. c4 c6 3. Nf3 Nf6 4.
Nc3 dxc4 5. e4 b5 6. e5 Nd5 7.
a4 e6 8. axb5 Nxc3 9. bxc3 cxb5 10. Be2 Bb7 11. O-O Be7 12. h4 h6 13. g3 Bd5 14.
Be3 Nc6 15. Qb1 a6 16. Nd2 g5 17. h5 Na5 18. Bf3 Nb3 19. Bxd5 Qxd5 20. Ra2 Nxd2 21. Bxd2 Kd7 22. Qa1 Qc6 23. Rd1 a5 24. Rxa5 Rxa5 25. Qxa5 Ra8 26. d5 exd5 0-1

[Event "Live Chess"]
[Site "Chess.com"]
[Date "2023.05.20"]
[Round "-"]
[White "NatashaRegan"]
[Black "FlyingChessKestrel13"]
[Result "0-1"]
[WhiteElo "1778"]
[BlackElo "2111"]
[TimeControl "300"]
[EndTime "13:59:21 PDT"]
[Termination "FlyingChessKestrel13 won by resignation"]

1. e4 c5 2. d4 cxd4 3. c3 dxc3 4. Nxc3 e6 5. Bc4 d6 6. Nf3 a6 7. O-O Be7 8. Bf4 Nf6 9. Qe2 O-O 10. b4 Qc7 11.
Rac1 Nc6 12. b5 axb5 13. Nxb5 Qb8 14. e5 Ne8 15. exd6 Nxd6 16. Rfd1 Rd8 17. Bxd6 Bxd6 18.
Nxd6 Rxd6 19. Ng5 h6 20. Nxf7 Kxf7 21. Qh5+ Kg8 22. Qe8+ Kh7 23. Bd3+ Rxd3 24. Rxd3 Qf4 25. Re1 Rxa2 26. Rf3 Qd2 27. Rf1 Qd8 28. Qf7 Qe7 29. Qf4 Qe8 30. Qe4+ Qg6 31. Qc4 Ra5 32. Rg3 Rg5 33. Rd1 e5 34. Rxg5 Qxg5 35. g3 Qg6 36. Qc5 Bg4 37. Re1 Nd4 38. Re3 Bh3 39. Qxe5 Qb1+ 40.
Re1 Nf3+ 0-1

[Event "Live Chess"]
[Site "Chess.com"]
[Date "2023.05.20"]
[Round "-"]
[White "Geomorph"]
[Black "HoarseyHorsey"]
[Result "0-1"]
[WhiteElo "1249"]
[BlackElo "1422"]
[TimeControl "300"]
[EndTime "13:59:38 PDT"]
[Termination "HoarseyHorsey won by resignation"]

1. e4 c5 2. Nf3 e6 3. Bb5 Nc6 4. O-O d5 5. exd5 exd5 6. Re1+ Be7 7. Ne5 Qc7 8. d4 Nf6 9. Bf4 O-O 10. Bxc6 bxc6 11.
Qf3 cxd4 12. Ng6 Bd6 13. Bxd6 Qxd6 14. Nxf8 Kxf8 15. Nd2 Ba6 16. Nb3 c5 17. Nd2 c4 18.
Rad1 Bb7 19. Qh3 Bc8 20. Qf3 Bb7 21. Qh3 Bc8 22. Qh4 Qc5 23. Nf3 Bg4 24. Nxd4 Bxd1 25. Rxd1 Re8 26. Kf1 Re4 27. Qg3 Rxd4 28. Qb8+ Ke7 29.
Re1+ Re4 30. Rxe4+ Nxe4 31. Qb7+ Kf6 0-1

[Event "Live Chess"]
[Site "Chess.com"]
[Date "2023.05.20"]
[Round "-"]
[White "lordjimvi"]
[Black "f4nomore"]
[Result "0-1"]
[WhiteElo "390"]
[BlackElo "1378"]
[TimeControl "300"]
[EndTime "13:59:38 PDT"]
[Termination "f4nomore won by resignation"]

1. c3 g6 2. e4 Bg7 3. d3 d6 4. Nf3 Nc6 5. b4 Bd7 6. b5 Ne5 7. Nxe5 Bxe5 8. Ba3 Bxb5 9. c4 Bxa1 10. Qb3 Bc6 11.
Qa4 0-1

[Event "Live Chess"]
[Site "Chess.com"]
[Date "2023.05.20"]
[Round "-"]
[White "Supertromp"]
[Black "blunderabit"]
[Result "1-0"]
[WhiteElo "2183"]
[BlackElo "1841"]
[TimeControl "300"]
[EndTime "13:59:47 PDT"]
[Termination "Supertromp won on time"]

1. d4 Nf6 2. c4 e6 3. Nc3 Bb4 4. e3 O-O 5. Bd3 d5 6. Ne2 dxc4 7. Bxc4 b6 8. O-O Bb7 9. a3 Be7 10. Ng3 c5 11. dxc5 Bxc5 12. Qe2 a6 13. e4 b5 14. Bd3 Nc6 15. e5 Nd5 16. Nce4 Be7 17. Qh5 g6 18. Qh6 Nxe5 19. Bc2 Ng4 20. Qh3 Ngf6 21.
Bh6 Re8 22. Rfd1 Qc7 23. Rac1 Qe5 24. f3 Nf4 25. Bxf4 Qxf4 26. Kh1 Rac8 27. Nxf6+ Bxf6 28. Qg4 Qxg4 29. fxg4 Bxb2 30. Rb1 Rxc2 31. Rg1 Rec8 32. Rbd1 Rxg2 33. Rxg2 Rc2 34. Rg1 Rxg2 35. Rxg2 Bxa3 36. Kg1 Bxg2 37. Kxg2 b4 38. Ne2 b3 39. Nc3 Bb4 40. Nb1 a5 41. Kf3 a4 42. Ke4 1-0

[Event "Live Chess"]
[Site "Chess.com"]
[Date "2023.05.20"]
[Round "-"]
[White "LutherSullivan"]
[Black "nigelst"]
[Result "1-0"]
[WhiteElo "2049"]
[BlackElo "1811"]
[TimeControl "300"]
[EndTime "13:59:49 PDT"]
[Termination "LutherSullivan won by resignation"]

1. d4 Nf6 2. Nf3 e6 3. g3 c5 4. Bg2 Nc6 5. O-O Be7 6. c4 cxd4 7. Nxd4 O-O 8. Nc3 Nxd4 9. Qxd4 Rb8 10. Rd1 d6 11. Nb5 Qb6 12. Qxb6 axb6 13. Be3 Bd7 14. Nxd6 Bc6 15. Bxb6 Bxg2 16. Kxg2 Bxd6 17. Rxd6 Rbc8 18. b3 Ne4 19. Rd3 Rc6 20. Be3 Rfc8 21. Rad1 h6 22. Rd8+ Rxd8 23. Rxd8+ Kh7 24. Rd7 Kg6 25. Rxb7 Ra6 26.
a4 Rd6 27. a5 Nc3 28. Rb6 Rd1 29. a6 Ra1 30. b4 Nxe2 31. b5 Kf5 32. f3 g5 33. Rd6 h5 34. Rd2 Nc3 35. a7 g4 36. fxg4+ hxg4 37. b6 Ne4 38. Rb2 Nc3 39. b7 Nd1 40. Re2 Nxe3+ 41. Rxe3 Ra2+ 42. Kf1 Rxh2 43. b8=Q 1-0

[Event "Live Chess"]
[Site "Chess.com"]
[Date "2023.05.20"]
[Round "-"]
[White "Duke_of_Bebington"]
[Black "GEMdzq"]
[Result "0-1"]
[WhiteElo "1585"]
[BlackElo "2222"]
[TimeControl "300"]
[EndTime "13:59:55 PDT"]
[Termination "GEMdzq won by resignation"]

1. e4 d6 2. d4 Nf6 3. Nc3 g6 4. f4 Bg7 5. Nf3 O-O 6. Bd3 Na6 7. a3 c5 8. e5 Ne8 9. Bxa6 cxd4 10. Nh4 dxc3 11. Bc4 Qc7 12. exd6 Nxd6 13. Bb3 cxb2 14. Rb1 bxc1=Q 15. Qxc1 Qc3+ 16. Qd2 0-1

[Event "Live Chess"]
[Site "Chess.com"]
[Date "2023.05.20"]
[Round "-"]
[White "whitedjohn"]
[Black "bristolunichess"]
[Result "1-0"]
[WhiteElo "1664"]
[BlackElo "1803"]
[TimeControl "300"]
[EndTime "14:00:13 PDT"]
[Termination "whitedjohn won by resignation"]

1. e4 c5 2. Nf3 e6 3. d4 cxd4 4.
Nxd4 Nf6 5. Nc3 Nc6 6. Ndb5 Bb4 7. Nd6+ Ke7 8. Nxc8+ Rxc8 9. Bd3 Ne5 10. Bd2 Nxd3+ 11.
cxd3 d5 12. e5 Nd7 13. d4 Nb6 14. Qg4 Kf8 15. Bg5 Bxc3+ 16. bxc3 Qc7 17. Rc1 Nc4 18. O-O h6 19. Bh4 g6 20. Qe2 Na5 21.
f4 Qc4 22. Qf3 h5 23. Bf6 Rh7 24. h3 b5 25. g4 hxg4 26. hxg4 Qxa2 27. Rf2 Qa3 28.
Rcc2 Nc4 29. f5 gxf5 30. gxf5 Ke8 31. fxe6 Kf8 32. e7+ Ke8 33. Rg2 Qa1+ 34. Kf2 Rh1 35. Rg8+ Kd7 36. Qf5+ 1-0

[Event "Live Chess"]
[Site "Chess.com"]
[Date "2023.05.20"]
[Round "-"]
[White "BillW-GrangerIN"]
[Black "LiamClery2020"]
[Result "0-1"]
[WhiteElo "265"]
[BlackElo "2084"]
[TimeControl "300"]
[EndTime "14:00:29 PDT"]
[Termination "LiamClery2020 won by resignation"]

1. d4 Nf6 2. Bf4 d6 3. Nf3 Nc6 4. e3 Bg4 5. Be2 e5 6. c3 exf4 7. exf4 d5 8. O-O Bd6 9. Qd3 O-O 10. Ne5 Bxe2 11. Qxe2 Re8 12. Qf3 Bxe5 13. dxe5 Ne4 14.
Qg4 Qe7 15. Na3 Nxc3 16. bxc3 Qxa3 17. c4 dxc4 18. e6 Rxe6 19. f5 Rf6 20. Qh5 Qd3 21. Rad1 Qxf5 22. Qe2 Rg6 0-1

[Event "Live Chess"]
[Site "Chess.com"]
[Date "2023.05.20"]
[Round "-"]
[White "YrrriKharkiv"]
[Black "luckywookie"]
[Result "1-0"]
[WhiteElo "2069"]
[BlackElo "743"]
[TimeControl "300"]
[EndTime "14:00:32 PDT"]
[Termination "YrrriKharkiv won by checkmate"]

1. d4 d5 2. c4 c6 3. Nc3 e6 4. e4 Nd7 5. Nf3 Bb4 6. Bd3 Ne7 7. Bd2 Bxc3 8. Bxc3 dxc4 9. Bxc4 b5 10. Bd3 Bb7 11.
Qe2 Rc8 12. O-O f6 13. d5 Ng6 14. dxe6 Nf4 15. exd7+ Qxd7 16. Qe3 Nxd3 17. Rad1 O-O 18.
Rxd3 Qe6 19. Nd4 Qxa2 20. Nf5 c5 21. Ne7+ Kh8 22. Nxc8 c4 23. Qc5 Bxc8 24. Qxf8# 1-0

[Event "Live Chess"]
[Site "Chess.com"]
[Date "2023.05.20"]
[Round "-"]
[White "wot-not"]
[Black "Greenbecker"]
[Result "0-1"]
[WhiteElo "1506"]
[BlackElo "1656"]
[TimeControl "300"]
[EndTime "14:00:49 PDT"]
[Termination "Greenbecker won by resignation"]

1. e4 e6 2. f4 d5 3. Nf3 dxe4 4. Ne5 Nd7 5. Bb5 c6 6. Ba4 Nxe5 7. fxe5 e3 8. d4 Qa5+ 9. Nc3 Bb4 10. O-O Bxc3 11. bxc3 Qxa4 12. Qf3 f6 13. Bxe3 Bd7 14. Rab1 O-O-O 15. Rb4 Qxc2 16. Rfb1 b6 17. R1b2 Qf5 18. Qe2 Kb7 19.
a4 Ne7 20. a5 Nd5 21. R4b3 Qe4 22. axb6 axb6 23. Ra3 Qxe3+ 24. Qxe3 Nxe3 25. Rab3 Nc4 26. Rb1 b5 27. exf6 gxf6 28. Rf1 f5 29. Rbb1 Nd2 0-1

[Event "Live Chess"]
[Site "Chess.com"]
[Date "2023.05.20"]
[Round "-"]
[White "lightningorderyt"]
[Black "Jeffaroow"]
[Result "0-1"]
[WhiteElo "506"]
[BlackElo "477"]
[TimeControl "300"]
[EndTime "14:00:52 PDT"]
[Termination "Jeffaroow won by resignation"]

1. d4 e5 2. e4 exd4 3. Qxd4 Nc6 4. Qd3 Nf6 5. Nc3 Bc5 6. Nf3 Ng4 7. Qb5 Bxf2+ 8. Kd1 Ne3+ 9. Bxe3 Bxe3 10. Ke2 Nd4+ 11. Nxd4 Bxd4 12. Rd1 Bxc3 13. bxc3 b6 14. Qe5+ Qe7 15. Qxg7 Qxe4+ 16. Kd2 Rf8 17. Bd3 Qxg2+ 18. Kc1 Qxg7 0-1

[Event "Live Chess"]
[Site "Chess.com"]
[Date "2023.05.20"]
[Round "-"]
[White "DRS44"]
[Black "defenderalist"]
[Result "0-1"]
[WhiteElo "1394"]
[BlackElo "1623"]
[TimeControl "300"]
[EndTime "14:00:52 PDT"]
[Termination "defenderalist won by resignation"]

1. e4 Nf6 2. Nc3 e5 3. f4 d6 4. d4 exd4 5. Qxd4 Nc6 6. Bb5 Bd7 7. Bxc6 Bxc6 8. Nf3 Be7 9. O-O O-O 10. e5 dxe5 11. fxe5 Bxf3 12. Rxf3 Qxd4+ 13. Be3 Qxe5 0-1

[Event "Live Chess"]
[Site "Chess.com"]
[Date "2023.05.20"]
[Round "-"]
[White "grillage"]
[Black "Reggie016"]
[Result "1-0"]
[WhiteElo "1852"]
[BlackElo "1070"]
[TimeControl "300"]
[EndTime "14:00:54 PDT"]
[Termination "grillage won by resignation"]

1. d4 e6 2. Nf3 f5 3. d5 Nf6 4. dxe6 dxe6 5. Qxd8+ Kxd8 6. Nc3 Nc6 7. Bf4 b6 8.
O-O-O+ Ke7 9. Bxc7 Bb7 10. e3 Rc8 11. Bd6+ Kf7 12. Ng5+ Kg6 13. Nxe6 Bxd6 14. Rxd6 Nb4 15. Nf4+ Kf7 16. a3 Nbd5 17. Ncxd5 Bxd5 18. Nxd5 1-0

[Event "Live Chess"]
[Site "Chess.com"]
[Date "2023.05.20"]
[Round "-"]
[White "CheckThis4"]
[Black "ItsNot_Jasper"]
[Result "1-0"]
[WhiteElo "2549"]
[BlackElo "1322"]
[TimeControl "300"]
[EndTime "14:01:04 PDT"]
[Termination "CheckThis4 won by checkmate"]

1. d4 Nf6 2. Nc3 d5 3. e4 Nxe4 4. Nxe4 dxe4 5. Bc4 Nc6 6. c3 Bf5 7. g4 Bg6 8. Ne2 e6 9. h4 h6 10. Nf4 Bh7 11. g5 hxg5 12. hxg5 Qxg5 13. Be3 Qf5 14. Rh5 g5 15. Qb3 O-O-O 16. Nxe6 Rd6 17. Nxf8 Rxf8 18. O-O-O Na5 19. Qb4 Nxc4 20. Qxc4 f6 21. d5 Bg6 22.
Rh6 Bf7 23. Qb4 Bxd5 24. Bc5 a5 25. Qd4 Qf4+ 26. Qe3 Bxa2 27. Bxd6 cxd6 28. Rh7 Qxe3+ 29. fxe3 d5 30. Rg7 Bc4 31. Rh1 a4 32. Rhh7 Ba6 33. Rf7 Rg8 34. Rxf6 g4 35. Rh1 g3 36. Rg1 g2 37. Rf2 Bf1 38. Kd2 b5 39. Kc2 Kc7 40. b3 axb3+ 41. Kxb3 Kc6 42. Kb4 Ra8 43. Rf6+ Kc7 44. Kc5 Rc8 45. Rf7+ Kb8+ 46. Kb6 Rc7 47. Rxc7 Ka8 48. Rc8# 1-0

[Event "Live Chess"]
[Site "Chess.com"]
[Date "2023.05.20"]
[Round "-"]
[White "OceanFloater"]
[Black "LL220284LL"]
[Result "0-1"]
[WhiteElo "1018"]
[BlackElo "2391"]
[TimeControl "300"]
[EndTime "14:01:05 PDT"]
[Termination "LL220284LL won by checkmate"]

1. e4 g6 2. Nf3 Bg7 3. d4 d6 4. Nc3 Nc6 5. d5 Ne5 6. Nxe5 Bxe5 7. Bd2 f5 8. exf5 Bxf5 9. Bd3 Qd7 10. Bxf5 Qxf5 11.
O-O Nf6 12. Ne2 O-O 13. Ng3 Qd7 14. Bg5 Rf7 15. Re1 Bxb2 16. Rb1 Ba3 17. Qd3 Bc5 18. Rxb7 Bb6 19. Ne4 Nxe4 20. Qxe4 Bxf2+ 21. Kh1 Bxe1 22. Qxe1 Raf8 23. h3 Rf1+ 24. Qxf1 Rxf1+ 25. Kh2 Qf5 26. Bxe7 Qe5+ 27. g3 Qe2# 0-1

[Event "Live Chess"]
[Site "Chess.com"]
[Date "2023.05.20"]
[Round "-"]
[White "friarnator"]
[Black "JoeRoot66"]
[Result "1-0"]
[WhiteElo "1998"]
[BlackElo "1902"]
[TimeControl "300"]
[EndTime "14:01:10 PDT"]
[Termination "friarnator won by resignation"]

1. d4 d5 2. Nc3 Nf6 3. Bf4 c5 4.
e3 cxd4 5. exd4 a6 6. Nf3 Bg4 7. Be2 Bxf3 8. Bxf3 Nc6 9. O-O e6 10.
Ne2 Bd6 11. c3 O-O 12. Qd2 Qc7 13. Rfe1 Rfe8 14. Bg5 Be7 15. Ng3 Rad8 16. Re2 h6 17.
Bxf6 Bxf6 18. Nh5 Bg5 19. Qd3 e5 20. dxe5 Nxe5 21. Qf5 g6 22. Nf6+ Kg7 23. Nxe8+ Rxe8 1-0

[Event "Live Chess"]
[Site "Chess.com"]
[Date "2023.05.20"]
[Round "-"]
[White "kenn48"]
[Black "WilliamofOrange16th"]
[Result "0-1"]
[WhiteElo "1148"]
[BlackElo "1833"]
[TimeControl "300"]
[EndTime "14:01:12 PDT"]
[Termination "WilliamofOrange16th won by checkmate"]

1. e4 d6 2. d4 Nf6 3. Nc3 Nbd7 4. Bd3 e5 5. dxe5 dxe5 6. Nf3 c6 7. Bg5 Be7 8. O-O Qc7 9. Qe2 O-O 10. Rad1 Nc5 11.
Bc4 b5 12. Bb3 a5 13. a3 Nxb3 14. cxb3 Be6 15. b4 axb4 16. axb4 h6 17. Rd2 hxg5 18.
Nxg5 Bc4 19. Qf3 Bxf1 20. Kxf1 Ra1+ 21. Ke2 Bxb4 22. Qh3 Bxc3 23. bxc3 Rd8 24. Rb2 Qd6 25. Qe3 Qd1# 0-1

[Event "Live Chess"]
[Site "Chess.com"]
[Date "2023.05.20"]
[Round "-"]
[White "Stanbad1"]
[Black "JanMur7"]
[Result "1-0"]
[WhiteElo "2409"]
[BlackElo "1995"]
[TimeControl "300"]
[EndTime "14:01:21 PDT"]
[Termination "Stanbad1 won by checkmate"]

1. d4 Nf6 2. Bg5 c5 3. Bxf6 gxf6 4. d5 d6 5. c4 f5 6. Nc3 Bg7 7. g3 Nd7 8. e3 Ne5 9. Rc1 a6 10. b3 Bd7 11. f4 Ng4 12. Qf3 Qa5 13. Ne2 b5 14. h3 Nf6 15. Kf2 b4 16. Na4 Bxa4 17. bxa4 Ne4+ 18. Kg2 Qxa4 19. Qh5 Qxa2 20. Qxf5 Nc3 21.
Kf3 Nxe2 22. Bxe2 b3 23. Bd3 Qd2 24. Rb1 b2 25. Bc2 a5 26. Ba4+ Kf8 27. Bd7 Kg8 28.
g4 a4 29. h4 a3 30. h5 a2 31. h6 axb1=Q 32. Rxb1 Qc3 33. hxg7 Qxg7 34. Qc2 h5 35. g5 h4 36. Rxb2 h3 37. Rb1 h2 38. Rh1 Ra1 39. Rxh2 Rf1+ 40. Kg4 Rxh2 41. Qxh2 Qh7 42. Qxh7+ Kxh7 43. Bf5+ Kg7 44. Bd3 Rd1 45. Be2 Rd2 46. Kf3 Rc2 47.
e4 Rc3+ 48. Kg4 Rc1 49. Kf3 Rg1 50. Ke3 Ra1 51. e5 Ra3+ 52. Bd3 f6 53. gxf6+ exf6 54. exd6 Kf7 55. Kd2 Ra6 56. d7 Ke7 57. Bf5 Ra3 58.
Ke2 Rc3 59. d6+ Kd8 60. Be6 Rh3 61. Bxh3 f5 62. Ke3 Kxd7 63. Bxf5+ Kxd6 64. Ke4 Kc7 65. Kd5 Kb6 66. Kd6 Ka5 67. Kxc5 Ka4 68. Kb6 Kb3 69. c5 Ka3 70. c6 Kb2 71. c7 Kc1 72.
c8=Q+ Kd2 73. Qc2+ Ke1 74. Bg4 Kf1 75. Bf3 Kg1 76.
Qg2# 1-0

[Event "Live Chess"]
[Site "Chess.com"]
[Date "2023.05.20"]
[Round "-"]
[White "f4nomore"]
[Black "AttackingSnowLeopard"]
[Result "0-1"]
[WhiteElo "1378"]
[BlackElo "2070"]
[TimeControl "300"]
[EndTime "14:01:36 PDT"]
[Termination "AttackingSnowLeopard won by checkmate"]

1. b3 d5 2. Bb2 Nf6 3. e3 c5 4.
f4 Nc6 5. Nf3 Bg4 6. Be2 e6 7.
O-O Be7 8. Ne5 Bxe2 9. Qxe2 Qc7 10. Nxc6 Qxc6 11. Nc3 O-O 12. Nd1 Rad8 13. Nf2 d4 14. exd4 cxd4 15. d3 Nd5 16. Rac1 Nxf4 17. Qe5 Bd6 18.
Qxd4 Qxg2# 0-1

[Event "Live Chess"]
[Site "Chess.com"]
[Date "2023.05.20"]
[Round "-"]
[White "SupremeTactician"]
[Black "Tushinskiy"]
[Result "0-1"]
[WhiteElo "2359"]
[BlackElo "2142"]
[TimeControl "300"]
[EndTime "14:01:46 PDT"]
[Termination "Tushinskiy won by resignation"]

1. e4 e5 2. Nf3 d6 3. d4 Bg4 4.
Be2 Nd7 5. dxe5 dxe5 6. h3 Bh5 7. Nc3 Ngf6 8. Be3 c6 9. O-O Qc7 10. Qd2 Bb4 11. Nb5 cxb5 12. Qxb4 a6 13. Rad1 Bxf3 14.
Bxf3 Rc8 15. c3 Qc4 16. Qxc4 bxc4 17. Rd2 Ke7 18. Rfd1 Rhd8 19. Bg5 Nc5 20. Rxd8 Rxd8 21. Rxd8 Kxd8 22. Bxf6+ gxf6 23. Kf1 b5 24. Ke2 Nd3 25. b3 cxb3 26. axb3 Nc1+ 27. Kd2 Nxb3+ 28. Kc2 Nc5 29. Bg4 Ke7 30. Bf5 h6 31. g3 Kd6 32. f4 exf4 33.
gxf4 Ne6 34. Bxe6 fxe6 35. Kb3 Kc5 36. h4 e5 37. f5 h5 38. Ka3 Kc4 39. Kb2 Kd3 40.
c4 bxc4 0-1

[Event "Live Chess"]
[Site "Chess.com"]
[Date "2023.05.20"]
[Round "-"]
[White "BostonStrangler"]
[Black "VovaOvchar1990"]
[Result "1-0"]
[WhiteElo "2054"]
[BlackElo "1229"]
[TimeControl "300"]
[EndTime "14:01:56 PDT"]
[Termination "BostonStrangler won by resignation"]

1. Nf3 Nc6 2. d4 d5 3. c4 dxc4 4. e4 Bg4 5. d5 Nb8 6. Bxc4 a6 7.
h3 Bh5 8. g4 Bg6 9. Nc3 c6 10.
h4 cxd5 11. Bxd5 Nc6 12. h5 e6 13. Bxc6+ bxc6 14. Qxd8+ Rxd8 15. hxg6 fxg6 16. Ne5 Bd6 17.
Nxg6 hxg6 18. Rxh8 Kf7 19. Bg5 Rb8 20. O-O-O Rb4 21.
Rxd6 1-0

[Event "Live Chess"]
[Site "Chess.com"]
[Date "2023.05.20"]
[Round "-"]
[White "toog"]
[Black "diana21strabt"]
[Result "1-0"]
[WhiteElo "2615"]
[BlackElo "1702"]
[TimeControl "300"]
[EndTime "14:01:58 PDT"]
[Termination "toog won by checkmate"]

1. e4 d5 2. exd5 Qxd5 3. Nc3 Qa5 4. d4 Nf6 5. Bc4 Bg4 6. Nf3 Nc6 7. d5 O-O-O 8. Bd2 Ne5 9. Be2 Bxf3 10. Bxf3 Nxf3+ 11. Qxf3 Nxd5 12. Qxf7 Nxc3 13. Bxc3 Qd5 14. Qxd5 Rxd5 15. O-O Rb5 16. Rfe1 Rc5 17. Rad1 Rg8 18. Re3 g6 19. Red3 Bh6 20. Rh3 Bg7 21. Bxg7 Rxg7 22. c3 h5 23. Rf3 Rg8 24. Rf7 Re5 25. Kf1 b6 26. g3 Rd8 27.
Rxd8+ Kxd8 28. Rg7 Re6 29. h4 Ke8 30. Rg8+ Kd7 31.
Kg2 Re2 32. Rxg6 Rxb2 33. Rg5 Rxa2 34. Rxh5 Rc2 35. Rd5+ Ke6 36. Rd1 Rxc3 37. h5 Kf6 38. Kh3 Rc5 39. Kg4 Rg5+ 40. Kh4 Rf5 41. f4 Rc5 42. g4 a5 43. g5+ Kf5 44. g6 Kf6 45. Kg4 a4 46. Rd8 a3 47. Rf8+ Kg7 48. Rf7+ Kh8 49. h6 Kg8 50. h7+ Kh8 51. Rf8+ Kg7 52. h8=Q+ Kxg6 53. Qg8+ Kh6 54. Rf7 Rg5+ 55. fxg5# 1-0

[Event "Live Chess"]
[Site "Chess.com"]
[Date "2023.05.20"]
[Round "-"]
[White "Brooms1989"]
[Black "MarkLim1"]
[Result "0-1"]
[WhiteElo "1031"]
[BlackElo "1655"]
[TimeControl "300"]
[EndTime "14:02:01 PDT"]
[Termination "MarkLim1 won by resignation"]

1. e4 e6 2. d4 d5 3. Nc3 Nf6 4. e5 Nfd7 5. Nf3 c5 6. Be3 Nc6 7. Qd2 a6 8. O-O-O b5 9. dxc5 Bxc5 10. Bxc5 Nxc5 11. Bd3 b4 12. Ne2 a5 13. Bb5 Qb6 14. Ned4 Bd7 15. Nxc6 Bxc6 16. Bxc6+ Qxc6 17. Qg5 O-O 18. h4 b3 19. axb3 Nxb3+ 20. Kb1 Nc5 21. h5 h6 22. Qe3 Rfb8 23. Rd4 Na4 24. Rxa4 Qxa4 25. Rh4 Qb5 26. Qc3 a4 27. Nd4 Qf1+ 28. Ka2 Qxf2 29. Rg4 a3 30. b3 Qf1 31. Qe3 Qd1 32.
Qxh6 Qxg4 33. Qd2 0-1

[Event "Live Chess"]
[Site "Chess.com"]
[Date "2023.05.20"]
[Round "-"]
[White "chessfiction"]
[Black "Doge_Dandolo"]
[Result "0-1"]
[WhiteElo "2376"]
[BlackElo "2031"]
[TimeControl "300"]
[EndTime "14:02:05 PDT"]
[Termination "Doge_Dandolo won by resignation"]

1. e4 c6 2. d4 d5 3. Nc3 dxe4 4. f3 e3 5. Bc4 Bf5 6. Bxe3 e6 7. Qe2 Nf6 8.
O-O-O Be7 9. Kb1 Nbd7 10. g4 Bg6 11. h4 h5 12. Nh3 Qb6 13. Nf4 Bh7 14. g5 Nd5 15.
Bxd5 cxd5 16. g6 Bxg6 17. Nxg6 fxg6 18. Bg5 Bxg5 19. hxg5 O-O-O 20. Rd3 Rhe8 21. Re1 Qd6 22. Nb5 Qb6 23. Rc3+ Kb8 24. a4 a6 25. Na3 e5 26.
Rb3 Qd6 27. Qh2 Ka8 28. c4 dxc4 29. Nxc4 Qxd4 30. Re4 Qc5 31. a5 Rc8 32. Qd2 Rcd8 33. Rd3 Qc7 34. Rxd7 Rxd7 35. Qxd7 Qxd7 36. Nb6+ Kb8 37.
Nxd7+ Kc7 38. Nxe5 Kd6 39. Nc4+ Kd7 40. Rxe8 Kxe8 41.
Ne3 Ke7 42. Ng2 Ke6 43. Nh4 Ke5 44. Kc2 Kf4 45. Nxg6+ Kxg5 46. Ne5 h4 47. Kd3 h3 48.
Ng4 Kf4 49. Ke2 Kg3 50. Ke3 g5 51. b4 h2 52. Nxh2 Kxh2 53. f4 g4 54. f5 g3 55. f6 g2 56. f7 g1=Q+ 57. Ke4 Qg7 58. Kd5 Qf8 59. b5 Qxf7+ 0-1

[Event "Live Chess"]
[Site "Chess.com"]
[Date "2023.05.20"]
[Round "-"]
[White "JohanKjeldahl"]
[Black "Delacorta"]
[Result "1-0"]
[WhiteElo "1850"]
[BlackElo "1418"]
[TimeControl "300"]
[EndTime "14:02:11 PDT"]
[Termination "JohanKjeldahl won by resignation"]

1. e4 e6 2. d4 d5 3. Nd2 Nf6 4.
e5 Nfd7 5. Bd3 c5 6. c3 Nc6 7. Ne2 Qb6 8. Nf3 g6 9. O-O Bg7 10. a4 c4 11. Bc2 Qd8 12. Bg5 f6 13. exf6 Bxf6 14. Qd2 Bxg5 15. Nxg5 Nf6 16. Nf4 Qe7 17. Rae1 O-O 18. Nfxe6 Bxe6 19. Rxe6 Qd7 20. Rfe1 h6 21. Nf3 Rae8 22. Rxe8 Rxe8 23. Bxg6 Rxe1+ 24. Qxe1 Ne7 25. Bc2 Kf7 26. Ne5+ 1-0